PBL
CALGARY FLAMES @ PALM BEACH NATIONALS
08/01/2049
 
TOP OF THE 1ST
Calgary Flames batting - Pitching for Palm Beach Nationals : RHP Nate Vandergriff
Pitching: RHP Nate Vandergriff
Batting: RHB Jim Harkness 0-0: Called Strike
0-1: Ball
1-1: Ball
2-1: SINGLE (Groundball, 6MS, EV 63.1 MPH) (infield hit)
Batting: SHB Yu-hsui Lew 0-0: Foul Ball, location: 2F
0-1: Ball
1-1: Fielders Choice at 2nd, 3-6 (Groundball, 3, EV 97.5 MPH)
Batting: LHB Li-zhu Song 0-0: DOUBLE (Flyball, 8LXD, EV 101.9 MPH)
Yu-hsui Lew to third
Runner from 3rd tries for Home, SAFE, no throw by CF
Batting: SHB Steve Wipf 0-0: Ball
1-0: Called Strike
1-1: Ground out 4-3 (Groundball, 4, EV 91.2 MPH)
Li-zhu Song to third
Batting: SHB Shawnie Codbucket 0-0: Ground out 4-3 (Groundball, 4, EV 85.0 MPH)
Top of the 1st over - 1 run, 2 hits, 0 errors, 1 left on base; Calgary 1 - Palm Beach 0
BOTTOM OF THE 1ST
Palm Beach Nationals batting - Pitching for Calgary Flames : RHP Jarrod Boncek
Pitching: RHP Jarrod Boncek
Batting: RHB Lou Ortman 0-0: Foul Ball, location: 2F
0-1: Ground out 5-3 (Groundball, 56, EV 99.4 MPH)
Batting: LHB Ken Westfall 0-0: Ball
1-0: Fly out, F3 (Line Drive, 34, EV 68.8 MPH)
Batting: SHB Tim Schulz 0-0: Ball
1-0: Ball
2-0: Fly out, F9 (Line Drive, 89D, EV 99.4 MPH)
Bottom of the 1st over - 0 runs, 0 hits, 0 errors, 0 left on base; Calgary 1 - Palm Beach 0
TOP OF THE 2ND
Calgary Flames batting - Pitching for Palm Beach Nationals : RHP Nate Vandergriff
Batting: RHB Bruce Lovett 0-0: Called Strike
0-1: Ball
1-1: Fly out, F9 (Line Drive, 9, EV 98.1 MPH)
Batting: LHB Greg Robertson 0-0: Ball
1-0: Ball
2-0: Ground out 6-3 (Groundball, 6S, EV 85.0 MPH)
Batting: RHB Chad Stady 0-0: Foul Ball, location: 2F
0-1: Ball
1-1: Ball
2-1: Swinging Strike
2-2: Strikes out swinging
Top of the 2nd over - 0 runs, 0 hits, 0 errors, 0 left on base; Calgary 1 - Palm Beach 0
BOTTOM OF THE 2ND
Palm Beach Nationals batting - Pitching for Calgary Flames : RHP Jarrod Boncek
Batting: LHB Mike Trentham 0-0: Ball
1-0: Called Strike
1-1: Ball
2-1: Ball
3-1: Foul Ball, location: 2F
3-2: Strikes out swinging
Batting: RHB Ben Lowe 0-0: Foul Ball, location: 2F
0-1: Ball
1-1: Swinging Strike
1-2: Foul Ball, location: 2F
1-2: Foul Ball, location: 2F
1-2: Ball
2-2: Strikes out swinging
Batting: RHB Larry Myers 0-0: Called Strike
0-1: Foul Ball, location: 2F
0-2: Ball
1-2: Ball
2-2: Foul Ball, location: 2F
2-2: Foul Ball, location: 2F
2-2: Ball
3-2: Base on Balls
Batting: RHB Mike Hayes 0-0: Called Strike
0-1: Ground out 5-3 (Groundball, 56S, EV 88.1 MPH)
Bottom of the 2nd over - 0 runs, 0 hits, 0 errors, 1 left on base; Calgary 1 - Palm Beach 0
TOP OF THE 3RD
Calgary Flames batting - Pitching for Palm Beach Nationals : RHP Nate Vandergriff
Batting: RHB Juan Mercado 0-0: Ball
1-0: Called Strike
1-1: Ball
2-1: Foul Ball, location: 2F
2-2: Strikes out swinging
Batting: RHB Jim Harkness 0-0: Ball
1-0: Swinging Strike
1-1: Called Strike
1-2: Ball
2-2: Foul Ball, location: 2F
2-2: Fly out, F9 (Line Drive, 89M, EV 93.1 MPH)
Batting: SHB Yu-hsui Lew 0-0: Called Strike
0-1: Called Strike
0-2: Ball
1-2: Ground out 6-3 (Groundball, 6MS, EV 86.2 MPH)
Top of the 3rd over - 0 runs, 0 hits, 0 errors, 0 left on base; Calgary 1 - Palm Beach 0
BOTTOM OF THE 3RD
Palm Beach Nationals batting - Pitching for Calgary Flames : RHP Jarrod Boncek
Batting: RHB Abdul-Ra'uf bin Maimun 0-0: Foul Ball, location: 2F
0-1: Called Strike
0-2: Ball
1-2: Foul Ball, location: 2F
1-2: Foul Ball, location: 2F
1-2: Strikes out swinging
Batting: SHB Nelson Franco 0-0: Called Strike
0-1: Ball
1-1: Foul Ball, location: 2F
1-2: Ball
2-2: Foul Ball, location: 2F
2-2: Ball
3-2: Ground out U3 (Groundball, 34, EV 103.8 MPH)
Batting: RHB Lou Ortman 0-0: Ground out 5-3 (Groundball, 56S, EV 85.0 MPH)
Bottom of the 3rd over - 0 runs, 0 hits, 0 errors, 0 left on base; Calgary 1 - Palm Beach 0
TOP OF THE 4TH
Calgary Flames batting - Pitching for Palm Beach Nationals : RHP Nate Vandergriff
Batting: LHB Li-zhu Song 0-0: Called Strike
0-1: Swinging Strike
0-2: SINGLE (Flyball, 7LS, EV 100.0 MPH)
Batting: SHB Steve Wipf 0-0: Ball
1-0: Ball
2-0: Ball
3-0: Called Strike
3-1: Base on Balls
Li-zhu Song to second
Batting: SHB Shawnie Codbucket 0-0: Ball
1-0: Called Strike
1-1: Foul Ball, location: 2F
1-2: Ball
2-2: Foul Ball, location: 2F
2-2: Foul Ball, location: 2F
2-2: Fly out, F7 (Flyball, 7LS, EV 93.1 MPH)
Batting: RHB Bruce Lovett 0-0: Called Strike
0-1: Ball
1-1: Called Strike
1-2: Fly out, F8 (Line Drive, 8RM, EV 88.8 MPH)
Batting: LHB Greg Robertson 0-0: Called Strike
0-1: Ball
1-1: Ball
2-1: Swinging Strike
2-2: DOUBLE (Line Drive, 7LM, EV 97.5 MPH)
Li-zhu Song scores
Steve Wipf to third
Runner from 3rd tries for Home, SAFE, no throw by LF
Batting: RHB Chad Stady 0-0: Called Strike
0-1: Ball
1-1: Foul Ball, location: 2F
1-2: Ball
2-2: Foul Ball, location: 2F
2-2: Foul Ball, location: 2F
2-2: Strikes out swinging
Top of the 4th over - 2 runs, 2 hits, 0 errors, 1 left on base; Calgary 3 - Palm Beach 0
BOTTOM OF THE 4TH
Palm Beach Nationals batting - Pitching for Calgary Flames : RHP Jarrod Boncek
Batting: LHB Ken Westfall 0-0: Ball
1-0: Ball
2-0: Ball
3-0: Base on Balls
Batting: SHB Tim Schulz 0-0: Reached on error, E4 (Groundball, 4, EV 102.5 MPH)
Ken Westfall to second
Batting: LHB Mike Trentham 0-0: Ball
1-0: Foul Ball, location: 2F
1-1: Foul Ball, location: 2F
1-2: Ball
2-2: Strikes out swinging
Batting: RHB Ben Lowe 0-0: Ball
1-0: Ball
2-0: Swinging Strike
2-1: Foul Ball, location: 2F
2-2: Strikes out swinging
Batting: RHB Larry Myers 0-0: SINGLE (Groundball, 56S, EV 69.4 MPH) (infield hit)
Ken Westfall to third
Tim Schulz to second
Batting: RHB Mike Hayes 0-0: Ball
1-0: Ball
2-0: Called Strike
2-1: Called Strike
2-2: Strikes out swinging
Bottom of the 4th over - 0 runs, 1 hit, 1 error, 3 left on base; Calgary 3 - Palm Beach 0
TOP OF THE 5TH
Calgary Flames batting - Pitching for Palm Beach Nationals : RHP Nate Vandergriff
Batting: RHB Juan Mercado 0-0: Swinging Strike
0-1: Ball
1-1: Ball
2-1: Ball
3-1: DOUBLE (Groundball, 5L, EV 100.6 MPH)
Batting: RHB Jim Harkness 0-0: Called Strike
0-1: Called Strike
0-2: Ball
1-2: Ball
2-2: Foul Ball, location: 2F
2-2: Ball
3-2: Strikes out swinging
Batting: SHB Yu-hsui Lew 0-0: Foul Ball, location: 2F
0-1: Fly out, F3 (Line Drive, 3, EV 64.4 MPH)
Batting: LHB Li-zhu Song 0-0: Ball
1-0: Called Strike
1-1: Foul Ball, location: 2F
1-2: Ball
2-2: Strikes out looking
Top of the 5th over - 0 runs, 1 hit, 0 errors, 1 left on base; Calgary 3 - Palm Beach 0
BOTTOM OF THE 5TH
Palm Beach Nationals batting - Pitching for Calgary Flames : RHP Jarrod Boncek
Batting: RHB Abdul-Ra'uf bin Maimun 0-0: Ball
1-0: Ball
2-0: Ball
3-0: Called Strike
3-1: Foul Ball, location: 2F
3-2: Ground out 5-3 (Groundball, 15, EV 86.2 MPH)
Batting: SHB Nelson Franco 0-0: Foul Ball, location: 2F
0-1: Ball
1-1: Ball
2-1: DOUBLE (Line Drive, 9LM, EV 110.0 MPH)
Batting: RHB Lou Ortman 0-0: Swinging Strike
0-1: Foul Ball, location: 2F
0-2: Strikes out looking
Batting: LHB Ken Westfall 0-0: Ball
1-0: Swinging Strike
1-1: Called Strike
1-2: Strikes out swinging
Bottom of the 5th over - 0 runs, 1 hit, 0 errors, 1 left on base; Calgary 3 - Palm Beach 0
TOP OF THE 6TH
Calgary Flames batting - Pitching for Palm Beach Nationals : RHP Nate Vandergriff
Batting: SHB Steve Wipf 0-0: Called Strike
0-1: Fly out, F8 (Flyball, 8RD, EV 98.1 MPH)
Batting: SHB Shawnie Codbucket 0-0: Ball
1-0: Foul Ball, location: 2F
1-1: SINGLE (Groundball, 3D, EV 98.1 MPH)
Batting: RHB Bruce Lovett 0-0: Called Strike
0-1: Swinging Strike
0-2: Fly out, F8 (Flyball, 8LM, EV 85.0 MPH)
Batting: LHB Greg Robertson 0-0: Called Strike
0-1: Ball
1-1: Ball
Wild Pitch!
Shawnie Codbucket to second
2-1: Ball
3-1: Base on Balls
Batting: RHB Chad Stady 0-0: Fly out, F9 (Flyball, 9LS, EV 82.5 MPH)
Top of the 6th over - 0 runs, 1 hit, 0 errors, 2 left on base; Calgary 3 - Palm Beach 0
BOTTOM OF THE 6TH
Palm Beach Nationals batting - Pitching for Calgary Flames : RHP Jarrod Boncek
Batting: SHB Tim Schulz 0-0: Called Strike
0-1: SINGLE (Groundball, 34D, EV 96.2 MPH)
Batting: LHB Mike Trentham 0-0: Ball
1-0: Fielders Choice at 2nd, 3-6 (Groundball, 3, EV 86.2 MPH)
Batting: RHB Ben Lowe 0-0: Ball
1-0: Ball
2-0: Ball
3-0: Called Strike
3-1: Base on Balls
Mike Trentham to second
Batting: RHB Larry Myers 0-0: Ball
1-0: Called Strike
1-1: Ball
2-1: Foul Ball, location: 2F
2-2: Strikes out swinging
Batting: RHB Mike Hayes 0-0: Called Strike
0-1: Ball
1-1: Called Strike
1-2: Strikes out swinging
Bottom of the 6th over - 0 runs, 1 hit, 0 errors, 2 left on base; Calgary 3 - Palm Beach 0
TOP OF THE 7TH
Calgary Flames batting - Pitching for Palm Beach Nationals : RHP Nate Vandergriff
Batting: RHB Juan Mercado 0-0: Called Strike
0-1: Ball
1-1: Called Strike
1-2: Foul Ball, location: 2F
1-2: Foul Ball, location: 2F
1-2: Strikes out swinging
Batting: RHB Jim Harkness 0-0: Ground out 6-3 (Groundball, 6, EV 86.9 MPH)
Batting: SHB Yu-hsui Lew 0-0: Called Strike
0-1: Ball
1-1: Foul Ball, location: 2F
1-2: DOUBLE (Flyball, 89D, EV 91.2 MPH)
Batting: LHB Li-zhu Song 0-0: Ball
1-0: Ball
2-0: Ball
3-0: Base on Balls
Batting: SHB Steve Wipf 0-0: Ball
1-0: Foul Ball, location: 2F
1-1: Foul Ball, location: 2F
1-2: Ball
2-2: Ball
3-2: 3-RUN HOME RUN (Flyball, 89XD, EV 111.2 MPH), Distance : 413 ft
Batting: SHB Shawnie Codbucket 0-0: Foul Ball, location: 2F
0-1: Ball
1-1: Ball
2-1: Swinging Strike
2-2: Strikes out swinging
Top of the 7th over - 3 runs, 2 hits, 0 errors, 0 left on base; Calgary 6 - Palm Beach 0
BOTTOM OF THE 7TH
Palm Beach Nationals batting - Pitching for Calgary Flames : RHP Jarrod Boncek
Batting: RHB Abdul-Ra'uf bin Maimun 0-0: Ball
1-0: Called Strike
1-1: Foul Ball, location: 2F
1-2: Strikes out swinging
Batting: SHB Nelson Franco 0-0: Ball
1-0: Swinging Strike
1-1: Foul Ball, location: 2F
1-2: Foul Ball, location: 2F
1-2: Ground out 2-3 (Groundball, 13S, EV 60.6 MPH)
Batting: RHB Lou Ortman 0-0: Foul Ball, location: 2F
0-1: Ball
1-1: Fly out, F7 (Line Drive, 78M, EV 106.9 MPH)
Bottom of the 7th over - 0 runs, 0 hits, 0 errors, 0 left on base; Calgary 6 - Palm Beach 0
TOP OF THE 8TH
Calgary Flames batting - Pitching for Palm Beach Nationals : RHP Nate Vandergriff
Batting: RHB Bruce Lovett 0-0: Ground out 4-3 (Groundball, 4, EV 85.6 MPH)
Batting: LHB Greg Robertson 0-0: Ball
1-0: Ball
2-0: Foul Ball, location: 2F
2-1: Swinging Strike
2-2: Foul Ball, location: 2F
2-2: Fly out, F9 (Line Drive, 9LM, EV 97.5 MPH)
Batting: RHB Tyler Johnson 0-0: Fly out, F7 (Flyball, 78S, EV 81.9 MPH)
Top of the 8th over - 0 runs, 0 hits, 0 errors, 0 left on base; Calgary 6 - Palm Beach 0
BOTTOM OF THE 8TH
Palm Beach Nationals batting - Pitching for Calgary Flames : RHP Jarrod Boncek
Batting: LHB Ken Westfall 0-0: Called Strike
0-1: Swinging Strike
0-2: Foul Ball, location: 2F
0-2: Ball
1-2: SINGLE (Groundball, 34D, EV 96.2 MPH)
Pitching: RHP Tony Morales
Batting: SHB Tim Schulz 0-0: Ball
1-0: Fly out, F8 (Flyball, 8LS, EV 76.9 MPH)
Batting: LHB Mike Trentham 0-0: Called Strike
0-1: Ball
1-1: Swinging Strike
1-2: Ball
2-2: Foul Ball, location: 2F
2-2: Ball
3-2: TRIPLE (Groundball, 3D, EV 100.6 MPH)
Ken Westfall scores
Batting: RHB Ben Lowe 0-0: Swinging Strike
0-1: Swinging Strike
0-2: Strikes out swinging
Batting: LHB Emery Helm 0-0: Ball
1-0: Ball
2-0: Foul Ball, location: 2F
2-1: Foul Ball, location: 2F
2-2: Ground out 1-3 (Groundball, 15S, EV 73.1 MPH)
Bottom of the 8th over - 1 run, 2 hits, 0 errors, 1 left on base; Calgary 6 - Palm Beach 1
TOP OF THE 9TH
Calgary Flames batting - Pitching for Palm Beach Nationals : RHP Nate Vandergriff
Batting: RHB Juan Mercado 0-0: Swinging Strike
0-1: Ball
1-1: Called Strike
1-2: Foul Ball, location: 2F
1-2: Fly out, F8 (Flyball, 89M, EV 91.2 MPH)
Batting: RHB Jim Harkness 0-0: Called Strike
0-1: Swinging Strike
0-2: Foul Ball, location: 2F
0-2: Foul Ball, location: 2F
0-2: DOUBLE (Line Drive, 7LS, EV 112.5 MPH)
Batting: SHB Yu-hsui Lew 0-0: Foul Ball, location: 2F
0-1: SINGLE (Flyball, 5D, EV 83.8 MPH)
Jim Harkness to third
Batting: LHB Li-zhu Song 0-0: Ball
1-0: Ball
2-0: Foul Ball, location: 2F
2-1: Called Strike
2-2: Ball
3-2: TRIPLE (Line Drive, 9D, EV 104.4 MPH)
Jim Harkness scores
Yu-hsui Lew scores
Pitching: LHP Kevin Perrell
Pinch Hitting: RHB Andy Thomas 0-0: Ball
1-0: Ball
2-0: Swinging Strike
2-1: Swinging Strike
2-2: Strikes out swinging
Pinch Hitting: RHB Matt Parkinson 0-0: Foul Ball, location: 2F
0-1: Foul Ball, location: 2F
0-2: Strikes out swinging
Top of the 9th over - 2 runs, 3 hits, 0 errors, 1 left on base; Calgary 8 - Palm Beach 1
BOTTOM OF THE 9TH
Palm Beach Nationals batting - Pitching for Calgary Flames : RHP Tony Morales
Now at C: Andy Thomas
Now at 1B: Juan Maravilla
Pinch Hitting: LHB Dusty Jones 0-0: Ball
1-0: Ball
2-0: Ball
3-0: Called Strike
3-1: Base on Balls
Pitching: RHP Jake Costanzo
Pinch Hitting: RHB Jess Thomas 0-0: Ball
1-0: Swinging Strike
1-1: Ball
2-1: 2-RUN HOME RUN (Flyball, 78XD, EV 115.6 MPH), Distance : 451 ft
Pinch Hitting: RHB Greg Bennett 0-0: Ball
1-0: Ground out 5-3 (Groundball, 5L, EV 100.0 MPH)
Pinch Hitting: RHB Vince Parris 0-0: Foul Ball, location: 2F
0-1: Ball
1-1: Ball
2-1: Ball
3-1: Base on Balls
Batting: LHB Ken Westfall 0-0: Ball
1-0: Ball
2-0: Foul Ball, location: 2F
2-1: Called Strike
2-2: Strikes out swinging
Pitching: RHP Nick Dey
Batting: SHB Tim Schulz 0-0: Called Strike
0-1: Ball
1-1: Swinging Strike
1-2: Ball
2-2: Foul Ball, location: 2F
2-2: Strikes out swinging
Bottom of the 9th over - 2 runs, 1 hit, 0 errors, 1 left on base; Calgary 8 - Palm Beach 3
Sunday, July 16th , 2023 - OOTP Baseball 24.6 Build 69